Diables vs Knights
Created - 8 décembre 2016 at 00:03
Goals
|
| Diables |
0 |
2 |
2 |
0 |
0 |
4 |
| Knights |
1 |
1 |
2 |
0 |
1 |
5 |
|
Shots
|
| Diables |
6 |
7 |
13 |
0 |
3 |
26 |
| Knights |
12 |
13 |
13 |
0 |
2 |
38 |
|
1st period
1. Knights , Cody Bass 12 (Tomas Kundratek, Jeff Glass) at 19:14
Penalties :
Brandon Prust (Alm) for Hooking (Minor) at 0:52
2nd period
2. Diables , Tyler Bozak 9 (Kellan Lain, Lukas Krajicek) at 7:47
3. Knights , Jason Zucker 7 (Chris Thorburn, Nikita Nikitin) at 11:54
4. Diables , Tyler Bozak 10 (Tyler Cuma, Steve Quailer) at 17:20
Penalties :
Lukas Krajicek (Alm) for High sticking (Minor) at 5:25, Kellan Lain (Alm) for Cross-checking (Minor) at 12:23
3rd period
5. Diables , Riley Sheahan 5 (Pavel Valentenko, Kellan Lain) at 14:11
6. Knights , James Wright 9 (Jimmy Hayes, Nikita Nikitin) at 14:25
7. Diables , Kellan Lain 14 (Tomas Kubalik, Tyler Bozak) at 14:49 (PP)
8. Knights , Michael Raffl 7 (Jason Zucker, Tomas Kundratek) at 16:50
Penalties :
Michael Raffl (Lon) for Elbowing (Minor) at 10:26, Jimmy Hayes (Lon) for Hooking (Minor) at 14:35, James Wright (Lon) for Roughing (Minor) at 15:02, Tyler Bozak (Alm) for Hooking (Minor) at 15:56, Ronalds Kenins (Lon) for Hooking (Minor) at 18:49
Overtime #1
No Goal
Penalties :
No Penalty
Shootout
Penalty Shot by Tyler Bozak for Diables - Stopped by Jeff Glass
Penalty Shot by Kevin Hayes for Knights - Stopped by Eddie Lack
Penalty Shot by Kellan Lain for Diables - Shot Misses the Net
Penalty Shot by Michael Raffl for Knights - Goal!
Penalty Shot by Brandon Prust for Diables - Shot Misses the Net
Penalties :
No Penalty
Goalie Stats
Eddie Lack (Alm), 34 saves from 38 shots - (0,895), OTL, 4-2-3, 65:00 minutes
Jeff Glass (Lon), 22 saves from 26 shots - (0,846), W, 9-4-0, 65:00 minutes
Players Stats for Diables
Player Name G A P +/- PIM S H SB GA TA FO MP PP MP PK MP
------------------------------------------------------------------------------------
Ben Hanowski 0 0 0 0 0 1 5 0 0 0 0/0 14:03 0:00 0:00
Benn Ferriero 0 0 0 0 0 0 0 0 0 0 0/0 0:40 0:00 0:00
Boone Jenner 0 0 0 -1 0 0 0 0 0 0 2/4 9:40 0:00 0:31
Brandon Prust 0 0 0 0 2 2 3 1 0 0 0/0 11:08 0:00 0:54
Brian Dumoulin 0 0 0 1 0 0 1 1 0 1 0/0 14:58 0:00 0:00
Craig Smith 0 0 0 0 0 1 3 3 0 0 2/8 16:16 1:52 3:00
Dustin Kohn 0 0 0 -2 0 1 0 2 0 0 0/0 19:57 1:13 2:35
Gabriel Landeskog 0 0 0 -3 0 0 0 0 0 0 1/1 20:25 1:52 1:31
Josh Manson 0 0 0 1 0 0 1 0 0 0 0/0 5:17 0:00 0:12
Kellan Lain 1 2 3 2 2 3 2 1 1 1 1/2 24:35 2:25 3:10
Kyle Cumiskey 0 0 0 -2 0 1 2 0 0 1 0/0 19:51 1:13 2:35
Lukas Krajicek 0 1 1 0 2 1 0 3 0 0 0/0 25:02 3:04 2:54
Pavel Valentenko 0 1 1 1 0 1 1 2 0 0 0/0 15:12 0:00 1:10
Riley Sheahan 1 0 1 1 0 2 0 0 0 1 3/11 15:50 0:00 0:00
Steve Quailer 0 1 1 -2 0 4 2 1 0 0 0/3 18:32 1:52 1:07
Taylor Beck 0 0 0 0 0 0 0 0 0 0 0/0 6:34 0:00 0:03
Tomas Kubalik 0 1 1 1 0 1 0 0 1 0 1/1 20:12 2:25 0:00
Tyler Bozak 2 1 3 -1 2 4 5 0 0 2 19/33 23:43 2:24 3:26
Tyler Cuma 0 1 1 0 0 4 0 2 1 1 0/0 30:05 3:04 4:16
Players Stats for Knights
Player Name G A P +/- PIM S H SB GA TA FO MP PP MP PK MP
------------------------------------------------------------------------------------
A.J. Jenks 0 0 0 -1 0 2 1 0 0 0 0/0 8:49 0:00 0:00
Chris Thorburn 0 1 1 1 0 6 1 0 1 0 0/3 19:37 3:50 0:35
Cody Bass 1 0 1 -1 0 1 3 0 1 0 4/6 9:52 0:09 0:03
David Shields 0 0 0 0 0 0 1 0 0 0 0/0 18:02 2:27 0:00
James Wright 1 0 1 1 2 6 6 1 0 1 17/32 22:58 3:50 2:22
Jason Zucker 1 1 2 2 0 1 1 0 2 0 0/1 17:35 2:52 0:35
Jimmy Hayes 0 1 1 1 2 3 2 1 0 0 0/0 20:58 2:52 2:42
Joe Colborne 0 0 0 -1 0 2 3 0 0 0 4/7 13:25 0:31 0:43
Kevin Hayes 0 0 0 -1 0 1 0 0 0 0 0/0 10:59 0:00 0:43
Linden Vey 0 0 0 -1 0 1 2 0 0 0 0/0 9:26 0:09 0:00
Michael Raffl 1 0 1 2 2 2 2 1 0 0 2/2 20:59 3:19 0:17
Michael Stone 0 0 0 -2 0 1 2 0 0 2 0/0 24:52 2:27 2:19
Nikita Nikitin 0 2 2 3 0 2 1 1 0 0 0/0 25:58 4:24 2:47
Patrick Wiercioch 0 0 0 0 0 0 0 0 0 0 0/0 13:34 0:00 0:00
Ronalds Kenins 0 0 0 -1 2 0 4 0 1 0 0/0 10:33 0:09 0:00
Ryan Nugent-Hopkins 0 0 0 1 0 1 1 0 0 0 7/12 18:54 2:52 1:23
Tomas Kundratek 0 2 2 3 0 7 2 1 2 0 0/0 30:17 4:24 3:14
Zach Trotman 0 0 0 -2 0 2 2 0 0 0 0/0 16:57 0:00 1:52
3 Stars
1 - Tyler Bozak (Alm)
2 - Kellan Lain (Alm)
3 - Jason Zucker (Lon)
Power Play
Diables - 1 on 4 Attempt(s) - 25,00%
Knights - 0 on 4 Attempt(s) - 0,00%
Penalty Kill
Diables - 4 on 4 Attempt(s) - 100,00%
- Score 0 goal in Penalty Kill
Knights - 3 on 4 Attempt(s) - 75,00%
- Score 0 goal in Penalty Kill
Team Stat
Diables - Hits : 25 - Faceoff Wins : 29 - Blocked Shots : 16 - Penalty Minutes : 8
Knights - Hits : 34 - Faceoff Wins : 34 - Blocked Shots : 5 - Penalty Minutes : 8
Official
Referees : StPierre Justin and Banfield David
Linesman : Mark Wheler and Mike Cvik
Game Notes
14:11 of 3rd period - Diables goal is going for a video replay. After video review, Goal.
Finance
Level 1 -- Attendance: 1599 (79,95%) -- Ticket Income 55 965 $
Level 2 -- Attendance: 753 (75,30%) -- Ticket Income 15 060 $
Total Attendance: 2352 (78,40%)
Total Ticket Income: 71 025 $
Other Income: 3 551 $
Total Income: 74 576 $
Diables
5 vs 5 Forward
Center Left Wing Right Wing Time % Phy DF OF
1 Tyler Bozak Gabriel Landeskog Steve Quailer 40 1 2 2
2 Riley Sheahan Kellan Lain Tomas Kubalik 30 1 2 2
3 Craig Smith Brandon Prust Ben Hanowski 20 1 2 2
4 Boone Jenner Taylor Beck Ben Hanowski 10 1 2 2
5 vs 5 Defense
Defense Defense Time % Phy DF OF
1 Tyler Cuma Lukas Krajicek 40 1 2 2
2 Dustin Kohn Kyle Cumiskey 30 1 2 2
3 Brian Dumoulin Pavel Valentenko 20 1 2 2
4 Josh Manson Tyler Cuma 10 1 2 2
PowerPlay Forward
Center Left Wing Right Wing Time % Phy DF OF
1 Tyler Bozak Kellan Lain Tomas Kubalik 60 1 2 2
2 Craig Smith Gabriel Landeskog Steve Quailer 40 1 2 2
PowerPlay Defense
Defense Defense Time % Phy DF OF
1 Tyler Cuma Lukas Krajicek 60 1 2 2
2 Dustin Kohn Kyle Cumiskey 40 1 2 2
Penalty Kill 4 Players Forward
Center Wing Time % Phy DF OF
1 Tyler Bozak Kellan Lain 60 1 2 2
2 Brandon Prust Steve Quailer 40 1 2 2
Penalty Kill 4 Players Defense
Defense Defense Time % Phy DF OF
1 Tyler Cuma Lukas Krajicek 60 1 2 2
2 Dustin Kohn Kyle Cumiskey 40 1 2 2
Penalty Kill - 3 Players Forward
Forward Time % Phy DF OF
1 Benn Ferriero 60 1 2 2
2 Kellan Lain 40 1 2 2
Penalty Kill - 3 Players Defense
Defense Defense Time % Phy DF OF
1 Tyler Cuma Lukas Krajicek 60 1 2 2
2 Dustin Kohn Pavel Valentenko 40 1 2 2
4 vs 4 Forward
Center Wing Time % Phy DF OF
1 Tyler Bozak Kellan Lain 60 1 2 2
2 Boone Jenner Brandon Prust 40 1 2 2
4 vs 4 Defense
Defense Defense Time % Phy DF OF
1 Tyler Cuma Lukas Krajicek 60 1 2 2
2 Dustin Kohn Kyle Cumiskey 40 1 2 2
Last Minutes Offensive
Center Left Wing Right Wing Defense Defense
Tyler Bozak Kellan Lain Steve Quailer Tyler Cuma Lukas Krajicek
Last Minutes Defensive
Center Left Wing Right Wing Defense Defense
Tyler Bozak Gabriel Landeskog Steve Quailer Tyler Cuma Lukas Krajicek
Goaltenders
Starting : Eddie Lack
Backup : Jean-Francois Berube
Extra Forwards
Normal : Craig Smith, Tomas Kubalik, Boone Jenner - PP : Craig Smith, Tomas Kubalik - PK : Craig Smith
Extra Defensemen
Normal : Brian Dumoulin, Josh Manson, Pavel Valentenko - PP : Brian Dumoulin - PK : Pavel Valentenko, Josh Manson
Penalty Shots
Tyler Bozak, Kellan Lain, Brandon Prust, Steve Quailer, Riley Sheahan
Knights
5 vs 5 Forward
Center Left Wing Right Wing Time % Phy DF OF
1 James Wright Michael Raffl Jimmy Hayes 35 1 2 2
2 Ryan Nugent-Hopkins Jason Zucker Chris Thorburn 30 1 2 2
3 Joe Colborne Ronalds Kenins Kevin Hayes 20 1 2 2
4 Cody Bass A.J. Jenks Linden Vey 15 1 2 2
5 vs 5 Defense
Defense Defense Time % Phy DF OF
1 Nikita Nikitin Tomas Kundratek 35 1 3 1
2 Zach Trotman Michael Stone 30 1 3 1
3 David Shields Patrick Wiercioch 20 1 3 1
4 Tomas Kundratek Michael Stone 15 1 2 2
PowerPlay Forward
Center Left Wing Right Wing Time % Phy DF OF
1 James Wright Michael Raffl Chris Thorburn 60 0 0 5
2 Ryan Nugent-Hopkins Jason Zucker Jimmy Hayes 40 0 0 5
PowerPlay Defense
Defense Defense Time % Phy DF OF
1 Nikita Nikitin Tomas Kundratek 60 0 1 4
2 Michael Stone David Shields 40 0 1 4
Penalty Kill 4 Players Forward
Center Wing Time % Phy DF OF
1 James Wright Jimmy Hayes 60 0 5 0
2 Joe Colborne Kevin Hayes 40 0 5 0
Penalty Kill 4 Players Defense
Defense Defense Time % Phy DF OF
1 Nikita Nikitin Tomas Kundratek 60 0 5 0
2 Zach Trotman Michael Stone 40 0 5 0
Penalty Kill - 3 Players Forward
Forward Time % Phy DF OF
1 Chris Thorburn 60 0 5 0
2 James Wright 40 0 5 0
Penalty Kill - 3 Players Defense
Defense Defense Time % Phy DF OF
1 Michael Stone Tomas Kundratek 60 0 5 0
2 Nikita Nikitin Zach Trotman 40 0 5 0
4 vs 4 Forward
Center Wing Time % Phy DF OF
1 James Wright Chris Thorburn 60 1 2 2
2 Ryan Nugent-Hopkins Jason Zucker 40 1 2 2
4 vs 4 Defense
Defense Defense Time % Phy DF OF
1 Nikita Nikitin Tomas Kundratek 60 1 2 2
2 Zach Trotman Michael Stone 40 1 2 2
Last Minutes Offensive
Center Left Wing Right Wing Defense Defense
Ryan Nugent-Hopkins Michael Raffl Chris Thorburn Tomas Kundratek Nikita Nikitin
Last Minutes Defensive
Center Left Wing Right Wing Defense Defense
James Wright Michael Raffl Jimmy Hayes Tomas Kundratek Zach Trotman
Goaltenders
Starting : Jeff Glass
Backup : Mark Dekanich
Extra Forwards
Normal : Joe Colborne, Michael Raffl, James Wright - PP : James Wright, Michael Raffl - PK : James Wright
Extra Defensemen
Normal : Nikita Nikitin, Tomas Kundratek, Zach Trotman - PP : Nikita Nikitin - PK : Nikita Nikitin, Tomas Kundratek
Penalty Shots
Kevin Hayes, Michael Raffl, Chris Thorburn, James Wright, Joe Colborne
% Time on Ice - Diables
Lines # - Real PCT - Wanted PCT - Time Play
Normal Forward
1 - 34% - 40% - 16:14
2 - 33% - 30% - 15:57
3 - 19% - 20% - 9:05
4 - 14% - 10% - 6:31
Normal Defense
1 - 34% - 40% - 16:16
2 - 29% - 30% - 13:43
3 - 29% - 20% - 14:02
4 - 8% - 10% - 3:46
PP Forward
1 - 56% - 60% - 2:25
2 - 44% - 40% - 1:52
PP Defense
1 - 72% - 60% - 3:04
2 - 28% - 40% - 1:13
PK Forward
1 - 84% - 60% - 5:44
2 - 16% - 40% - 1:07
PK Defense
1 - 62% - 60% - 4:16
2 - 38% - 40% - 2:35
PK3 Forward
1 - 0% - 60%
2 - 0% - 40%
PK3 Defense
1 - 0% - 60%
2 - 0% - 40%
44 Forward
1 - 81% - 60% - 4:57
2 - 19% - 40% - 1:08
44 Defense
1 - 62% - 60% - 3:45
2 - 38% - 40% - 2:20
Last Minute Offensive - 0:00
Last Minute Defensive - 0:00
Total
Forward - 65:00
Defense - 65:00
|
% Time on Ice - Knights
Lines # - Real PCT - Wanted PCT - Time Play
Normal Forward
1 - 33% - 35% - 15:41
2 - 27% - 30% - 13:01
3 - 21% - 20% - 10:16
4 - 18% - 15% - 8:49
Normal Defense
1 - 33% - 35% - 15:58
2 - 31% - 30% - 14:40
3 - 27% - 20% - 13:06
4 - 8% - 15% - 4:03
PP Forward
1 - 58% - 60% - 3:59
2 - 42% - 40% - 2:52
PP Defense
1 - 64% - 60% - 4:24
2 - 36% - 40% - 2:27
PK Forward
1 - 83% - 60% - 3:34
2 - 17% - 40% - 0:43
PK Defense
1 - 61% - 60% - 2:36
2 - 39% - 40% - 1:41
PK3 Forward
1 - 100% - 60% - 0:49
2 - 0% - 40% - 0:00
PK3 Defense
1 - 78% - 60% - 0:38
2 - 22% - 40% - 0:11
44 Forward
1 - 89% - 60% - 4:41
2 - 11% - 40% - 0:35
44 Defense
1 - 73% - 60% - 3:52
2 - 27% - 40% - 1:24
Last Minute Offensive - 0:00
Last Minute Defensive - 0:00
Total
Forward - 65:00
Defense - 65:00
|
Play by Play
1st period
0:01 of 1st period - Tyler Bozak wins face-off versus James Wright in neutral zone.
0:05 of 1st period - Off-side.
0:06 of 1st period - James Wright wins face-off versus Tyler Bozak in neutral zone.
0:10 of 1st period - Off-side.
0:11 of 1st period - Riley Sheahan wins face-off versus Jason Zucker in neutral zone.
0:22 of 1st period - Slapshot by Chris Thorburn.
0:22 of 1st period - Shot Misses the Net.
0:52 of 1st period - Minor Penalty to Brandon Prust for Hooking.
0:53 of 1st period - Tyler Bozak wins face-off versus Chris Thorburn in Diables zone.
1:26 of 1st period - Wrist shot by Jason Zucker.
1:26 of 1st period - Deflect By Jimmy Hayes.
1:26 of 1st period - Shot Blocked by Lukas Krajicek.
1:26 of 1st period - Puck is out of play.
1:27 of 1st period - James Wright wins face-off versus Kellan Lain in Diables zone.
1:28 of 1st period - Slapshot by Michael Raffl.
1:28 of 1st period - Shot Misses the Net.
1:40 of 1st period - Snap shot by James Wright.
1:40 of 1st period - Stopped by Eddie Lack with a rebound.
1:42 of 1st period - Snap shot by James Wright.
1:42 of 1st period - Shot Blocked by Dustin Kohn.
2:52 of 1st period - Penalty to Brandon Prust is over, Brandon Prust is back on ice.
3:11 of 1st period - Lukas Krajicek is hit by Cody Bass.
3:23 of 1st period - Wrist shot by Tomas Kubalik.
3:23 of 1st period - Shot Hit the Post.
4:14 of 1st period - Pavel Valentenko is hit by Michael Raffl and loses puck.
4:21 of 1st period - David Shields is hit by Brandon Prust and loses puck.
5:16 of 1st period - Slapshot by Linden Vey.
5:16 of 1st period - Deflect By A.J. Jenks.
5:16 of 1st period - Stopped by Eddie Lack without a rebound.
5:17 of 1st period - Cody Bass wins face-off versus Tyler Bozak in Diables zone.
5:20 of 1st period - Wrist shot by Cody Bass.
5:20 of 1st period - Shot Misses the Net.
5:47 of 1st period - Zach Trotman is hit by Ben Hanowski and loses puck.
5:51 of 1st period - Icing by Zach Trotman.
5:52 of 1st period - Ryan Nugent-Hopkins wins face-off versus Boone Jenner in Knights zone.
6:24 of 1st period - Off-side.
6:25 of 1st period - James Wright wins face-off versus Riley Sheahan in neutral zone.
6:34 of 1st period - Kellan Lain is hit by James Wright and loses puck.
6:39 of 1st period - Slapshot by Jimmy Hayes.
6:39 of 1st period - Shot Misses the Net.
6:41 of 1st period - Slapshot by Tomas Kundratek.
6:41 of 1st period - Shot Blocked by Lukas Krajicek.
7:00 of 1st period - Wrist shot by Tyler Bozak.
7:00 of 1st period - Shot Blocked by Nikita Nikitin.
7:18 of 1st period - Wrist shot by A.J. Jenks.
7:18 of 1st period - Stopped by Eddie Lack with a rebound.
7:32 of 1st period - Snap shot by Brandon Prust.
7:32 of 1st period - Stopped by Jeff Glass without a rebound.
7:33 of 1st period - James Wright wins face-off versus Riley Sheahan in Knights zone.
7:42 of 1st period - Slapshot by James Wright.
7:42 of 1st period - Stopped by Eddie Lack without a rebound.
7:43 of 1st period - Michael Raffl wins face-off versus Tyler Bozak in Diables zone.
8:30 of 1st period - Brandon Prust is hit by Joe Colborne.
8:40 of 1st period - David Shields is hit by Brandon Prust and loses puck.
8:55 of 1st period - Linden Vey is hit by Steve Quailer and loses puck.
9:52 of 1st period - Tomas Kundratek is hit by Ben Hanowski and loses puck.
10:07 of 1st period - Michael Stone is hit by Tyler Bozak and loses puck.
10:38 of 1st period - Kellan Lain is hit by Zach Trotman.
10:56 of 1st period - Craig Smith is hit by Ronalds Kenins.
11:06 of 1st period - Riley Sheahan is hit by Chris Thorburn and loses puck.
11:11 of 1st period - Wrist shot by Chris Thorburn.
11:11 of 1st period - Shot Misses the Net.
11:13 of 1st period - Slapshot by Michael Stone.
11:13 of 1st period - Shot Misses the Net.
11:15 of 1st period - Slapshot by Zach Trotman.
11:15 of 1st period - Stopped by Eddie Lack without a rebound.
11:16 of 1st period - Tyler Bozak wins face-off versus James Wright in Diables zone.
11:25 of 1st period - Pavel Valentenko is hit by Michael Raffl and loses puck.
11:52 of 1st period - Chris Thorburn is hit by Ben Hanowski and loses puck.
12:23 of 1st period - Tomas Kundratek is hit by Josh Manson and loses puck.
12:27 of 1st period - Icing by Cody Bass.
12:28 of 1st period - Cody Bass wins face-off versus Boone Jenner in Knights zone.
12:39 of 1st period - Wrist shot by Ben Hanowski.
12:39 of 1st period - Stopped by Jeff Glass with a rebound.
12:48 of 1st period - Off-side.
12:49 of 1st period - James Wright wins face-off versus Steve Quailer in neutral zone.
13:00 of 1st period - Snap shot by Jimmy Hayes.
13:00 of 1st period - Shot Misses the Net.
13:18 of 1st period - Snap shot by Chris Thorburn.
13:18 of 1st period - Stopped by Eddie Lack with a rebound.
13:20 of 1st period - Snap shot by Nikita Nikitin.
13:20 of 1st period - Deflect By Chris Thorburn.
13:20 of 1st period - Shot Misses the Net.
13:20 of 1st period - Puck is out of play.
13:21 of 1st period - Ryan Nugent-Hopkins wins face-off versus Riley Sheahan in Diables zone.
13:36 of 1st period - Snap shot by Chris Thorburn.
13:36 of 1st period - Stopped by Eddie Lack with a rebound.
13:38 of 1st period - Slapshot by Patrick Wiercioch.
13:38 of 1st period - Shot Misses the Net.
13:40 of 1st period - Slapshot by Chris Thorburn.
13:40 of 1st period - Stopped by Eddie Lack without a rebound.
13:41 of 1st period - Tyler Bozak wins face-off versus James Wright in Diables zone.
14:13 of 1st period - Slapshot by Kellan Lain.
14:13 of 1st period - Shot Misses the Net.
14:37 of 1st period - Slapshot by Tomas Kundratek.
14:37 of 1st period - Stopped by Eddie Lack with a rebound.
14:59 of 1st period - Wrist shot by Brandon Prust.
14:59 of 1st period - Stopped by Jeff Glass without a rebound.
15:00 of 1st period - James Wright wins face-off versus Steve Quailer in Knights zone.
16:00 of 1st period - Tyler Bozak is hit by Linden Vey and loses puck.
16:10 of 1st period - Off-side.
16:11 of 1st period - Craig Smith wins face-off versus Joe Colborne in neutral zone.
16:22 of 1st period - Wrist shot by Brandon Prust.
16:22 of 1st period - Shot Misses the Net.
16:37 of 1st period - Wrist shot by Ronalds Kenins.
16:37 of 1st period - Shot Blocked by Craig Smith.
16:59 of 1st period - Ronalds Kenins is hit by Brandon Prust and loses puck.
17:41 of 1st period - Ben Hanowski is hit by Ronalds Kenins and loses puck.
17:46 of 1st period - Wrist shot by Ronalds Kenins.
17:46 of 1st period - Shot Misses the Net.
17:48 of 1st period - Slapshot by Kevin Hayes.
17:48 of 1st period - Stopped by Eddie Lack without a rebound.
17:49 of 1st period - Tyler Bozak wins face-off versus James Wright in Diables zone.
18:01 of 1st period - Snap shot by Tyler Bozak.
18:01 of 1st period - Shot Misses the Net.
18:20 of 1st period - Wrist shot by Jimmy Hayes.
18:20 of 1st period - Stopped by Eddie Lack with a rebound.
18:55 of 1st period - Off-side.
18:56 of 1st period - Riley Sheahan wins face-off versus Cody Bass in neutral zone.
18:56 of 1st period - Riley Sheahan is hit by Cody Bass.
19:14 of 1st period - Snap shot by Cody Bass.
19:14 of 1st period - Goal by Cody Bass - Diables : 0 - Knights : 1.
19:15 of 1st period - Tyler Bozak wins face-off versus James Wright in neutral zone.
19:34 of 1st period - Lukas Krajicek is hit by James Wright and loses puck.
19:45 of 1st period - Snap shot by Kellan Lain.
19:45 of 1st period - Stopped by Jeff Glass with a rebound.
19:47 of 1st period - Wrist shot by Kellan Lain.
19:47 of 1st period - Stopped by Jeff Glass without a rebound.
19:48 of 1st period - Tomas Kubalik wins face-off versus Ryan Nugent-Hopkins in Knights zone.
19:55 of 1st period - Snap shot by Riley Sheahan.
19:55 of 1st period - Stopped by Jeff Glass with a rebound.
19:57 of 1st period - Slapshot by Dustin Kohn.
19:57 of 1st period - Deflect By Riley Sheahan.
19:57 of 1st period - Shot Misses the Net.
19:57 of 1st period - Puck is out of play.
19:58 of 1st period - James Wright wins face-off versus Tyler Bozak in Knights zone.
Goals for this period are 0 for Diables vs 1 for Knights.
Shots for this period are 6 for Diables vs 12 for Knights.
2nd period
0:01 of 2nd period - James Wright wins face-off versus Steve Quailer in neutral zone.
0:25 of 2nd period - Lukas Krajicek is hit by Tomas Kundratek and loses puck.
0:34 of 2nd period - Slapshot by Ryan Nugent-Hopkins.
0:34 of 2nd period - Stopped by Eddie Lack with a rebound.
0:37 of 2nd period - Icing by Tomas Kubalik.
0:38 of 2nd period - Riley Sheahan wins face-off versus James Wright in Diables zone.
0:49 of 2nd period - Kellan Lain is hit by Jimmy Hayes.
1:30 of 2nd period - Snap shot by Linden Vey.
1:30 of 2nd period - Stopped by Eddie Lack with a rebound.
1:50 of 2nd period - Wrist shot by Ronalds Kenins.
1:50 of 2nd period - Shot Misses the Net.
1:56 of 2nd period - Joe Colborne is hit by Tyler Bozak and loses puck.
2:27 of 2nd period - Wrist shot by Chris Thorburn.
2:27 of 2nd period - Shot Blocked by Brandon Prust.
2:33 of 2nd period - Patrick Wiercioch is hit by Brian Dumoulin and loses puck.
2:44 of 2nd period - Snap shot by Kevin Hayes.
2:44 of 2nd period - Shot Misses the Net.
2:48 of 2nd period - Slapshot by Joe Colborne.
2:48 of 2nd period - Stopped by Eddie Lack without a rebound.
2:49 of 2nd period - Tyler Bozak wins face-off versus Joe Colborne in Diables zone.
2:56 of 2nd period - Snap shot by Dustin Kohn.
2:56 of 2nd period - Shot Blocked by Tomas Kundratek.
2:58 of 2nd period - Slapshot by Steve Quailer.
2:58 of 2nd period - Stopped by Jeff Glass without a rebound.
2:59 of 2nd period - Michael Raffl wins face-off versus Tyler Bozak in Knights zone.
2:59 of 2nd period - Michael Raffl is hit by Tyler Bozak.
3:13 of 2nd period - Wrist shot by Steve Quailer.
3:13 of 2nd period - Stopped by Jeff Glass without a rebound.
3:14 of 2nd period - Ryan Nugent-Hopkins wins face-off versus Tyler Bozak in Knights zone.
3:39 of 2nd period - Tyler Cuma is hit by James Wright and loses puck.
3:57 of 2nd period - Nikita Nikitin is hit by Kyle Cumiskey and loses puck.
4:22 of 2nd period - Wrist shot by Jason Zucker.
4:22 of 2nd period - Shot Misses the Net.
4:24 of 2nd period - Snap shot by Chris Thorburn.
4:24 of 2nd period - Stopped by Eddie Lack with a rebound.
4:26 of 2nd period - Backhand shot by Patrick Wiercioch.
4:26 of 2nd period - Shot Misses the Net.
4:28 of 2nd period - Wrist shot by Chris Thorburn.
4:28 of 2nd period - Stopped by Eddie Lack with a rebound.
4:30 of 2nd period - Wrist shot by Zach Trotman.
4:30 of 2nd period - Stopped by Eddie Lack with a rebound.
4:46 of 2nd period - Gabriel Landeskog is hit by Michael Stone and loses puck.
4:56 of 2nd period - Icing by Kyle Cumiskey.
4:57 of 2nd period - James Wright wins face-off versus Riley Sheahan in Diables zone.
4:58 of 2nd period - Snap shot by Michael Raffl.
4:58 of 2nd period - Shot Misses the Net.
5:00 of 2nd period - Snap shot by James Wright.
5:00 of 2nd period - Shot Misses the Net.
5:02 of 2nd period - Slapshot by Tomas Kundratek.
5:02 of 2nd period - Stopped by Eddie Lack without a rebound.
5:03 of 2nd period - Kellan Lain wins face-off versus James Wright in Diables zone.
5:25 of 2nd period - Minor Penalty to Lukas Krajicek for High sticking.
5:26 of 2nd period - Tyler Bozak wins face-off versus James Wright in Diables zone.
5:42 of 2nd period - Snap shot by Michael Raffl.
5:42 of 2nd period - Shot Misses the Net.
5:54 of 2nd period - Backhand shot by James Wright.
5:54 of 2nd period - Stopped by Eddie Lack with a rebound.
5:58 of 2nd period - Snap shot by Chris Thorburn.
5:58 of 2nd period - Shot Misses the Net.
6:00 of 2nd period - Wrist shot by James Wright.
6:00 of 2nd period - Stopped by Eddie Lack with a rebound.
6:02 of 2nd period - Slapshot by Nikita Nikitin.
6:02 of 2nd period - Shot Blocked by Tyler Cuma.
6:04 of 2nd period - Snap shot by James Wright.
6:04 of 2nd period - Shot Misses the Net.
6:06 of 2nd period - Slapshot by Tomas Kundratek.
6:06 of 2nd period - Shot Blocked by Tyler Cuma.
6:08 of 2nd period - Wrist shot by Tomas Kundratek.
6:08 of 2nd period - Stopped by Eddie Lack without a rebound.
6:09 of 2nd period - Tyler Bozak wins face-off versus Ryan Nugent-Hopkins in Diables zone.
6:24 of 2nd period - Slapshot by Jimmy Hayes.
6:24 of 2nd period - Shot Blocked by Dustin Kohn.
6:45 of 2nd period - Off-side.
6:46 of 2nd period - Ryan Nugent-Hopkins wins face-off versus Craig Smith in neutral zone.
6:53 of 2nd period - Snap shot by Nikita Nikitin.
6:53 of 2nd period - Shot Blocked by Pavel Valentenko.
6:55 of 2nd period - Wrist shot by Jimmy Hayes.
6:55 of 2nd period - Shot Misses the Net.
7:11 of 2nd period - Jimmy Hayes is hit by Pavel Valentenko and loses puck.
7:22 of 2nd period - Tyler Cuma is hit by James Wright and loses puck.
7:25 of 2nd period - Penalty to Lukas Krajicek is over, Lukas Krajicek is back on ice.
7:47 of 2nd period - Snap shot by Tyler Bozak.
7:47 of 2nd period - Goal by Tyler Bozak - Diables : 1 - Knights : 1.
7:48 of 2nd period - Boone Jenner wins face-off versus James Wright in neutral zone.
7:53 of 2nd period - Snap shot by Ben Hanowski.
7:53 of 2nd period - Shot Blocked by James Wright.
8:37 of 2nd period - Nikita Nikitin is hit by Tyler Bozak and loses puck.
9:00 of 2nd period - Riley Sheahan is hit by James Wright and loses puck.
10:04 of 2nd period - Wrist shot by Ryan Nugent-Hopkins.
10:04 of 2nd period - Shot Misses the Net.
10:19 of 2nd period - James Wright is hit by Craig Smith and loses puck.
10:26 of 2nd period - Brian Dumoulin is hit by James Wright and loses puck.
11:21 of 2nd period - Wrist shot by Ryan Nugent-Hopkins.
11:21 of 2nd period - Shot Misses the Net.
11:35 of 2nd period - Wrist shot by Tyler Bozak.
11:35 of 2nd period - Shot Misses the Net.
11:37 of 2nd period - Wrist shot by Tyler Bozak.
11:37 of 2nd period - Deflect By Michael Raffl.
11:37 of 2nd period - Stopped by Jeff Glass with a rebound.
11:39 of 2nd period - Slapshot by Kyle Cumiskey.
11:39 of 2nd period - Stopped by Jeff Glass without a rebound.
11:40 of 2nd period - Tyler Bozak wins face-off versus Ryan Nugent-Hopkins in Knights zone.
11:52 of 2nd period - Wrist shot by Jason Zucker.
11:52 of 2nd period - Shot Misses the Net.
11:54 of 2nd period - Snap shot by Jason Zucker.
11:54 of 2nd period - Goal by Jason Zucker - Diables : 1 - Knights : 2.
11:55 of 2nd period - James Wright wins face-off versus Tyler Bozak in neutral zone.
12:23 of 2nd period - Minor Penalty to Kellan Lain for Cross-checking.
12:24 of 2nd period - Tyler Bozak wins face-off versus James Wright in Diables zone.
13:55 of 2nd period - Brandon Prust is hit by Ryan Nugent-Hopkins and loses puck.
14:23 of 2nd period - Penalty to Kellan Lain is over, Kellan Lain is back on ice.
14:26 of 2nd period - Kyle Cumiskey is hit by Linden Vey and loses puck.
14:39 of 2nd period - Snap shot by Gabriel Landeskog.
14:39 of 2nd period - Shot Misses the Net.
14:41 of 2nd period - Slapshot by Pavel Valentenko.
14:41 of 2nd period - Stopped by Jeff Glass without a rebound.
14:42 of 2nd period - Cody Bass wins face-off versus Riley Sheahan in Knights zone.
14:52 of 2nd period - Icing by Kellan Lain.
14:53 of 2nd period - James Wright wins face-off versus Riley Sheahan in Diables zone.
15:23 of 2nd period - Snap shot by Michael Raffl.
15:23 of 2nd period - Shot Blocked by Brian Dumoulin.
15:25 of 2nd period - Slapshot by James Wright.
15:25 of 2nd period - Shot Misses the Net.
15:33 of 2nd period - Riley Sheahan is hit by Jimmy Hayes and loses puck.
16:40 of 2nd period - Tomas Kundratek is hit by Kellan Lain.
17:02 of 2nd period - Snap shot by James Wright.
17:02 of 2nd period - Stopped by Eddie Lack with a rebound.
17:04 of 2nd period - Slapshot by Tomas Kundratek.
17:04 of 2nd period - Stopped by Eddie Lack without a rebound.
17:05 of 2nd period - Tyler Bozak wins face-off versus Chris Thorburn in Diables zone.
17:20 of 2nd period - Wrist shot by Tyler Bozak.
17:20 of 2nd period - Goal by Tyler Bozak - Diables : 2 - Knights : 2.
17:21 of 2nd period - Gabriel Landeskog wins face-off versus Ryan Nugent-Hopkins in neutral zone.
17:31 of 2nd period - Gabriel Landeskog is hit by Zach Trotman and loses puck.
18:34 of 2nd period - Gabriel Landeskog is hit by Ronalds Kenins and loses puck.
18:51 of 2nd period - Kyle Cumiskey is hit by Michael Stone and loses puck.
Goals for this period are 2 for Diables vs 1 for Knights.
Shots for this period are 7 for Diables vs 13 for Knights.
3rd period
0:01 of 3rd period - Tyler Bozak wins face-off versus James Wright in neutral zone.
0:12 of 3rd period - Wrist shot by Steve Quailer.
0:12 of 3rd period - Stopped by Jeff Glass without a rebound.
0:13 of 3rd period - Ryan Nugent-Hopkins wins face-off versus Tyler Bozak in Knights zone.
0:38 of 3rd period - Gabriel Landeskog is hit by Ronalds Kenins.
1:06 of 3rd period - Slapshot by Tyler Cuma.
1:06 of 3rd period - Stopped by Jeff Glass with a rebound.
1:08 of 3rd period - Slapshot by Lukas Krajicek.
1:08 of 3rd period - Stopped by Jeff Glass with a rebound.
1:10 of 3rd period - Snap shot by Kellan Lain.
1:10 of 3rd period - Shot Misses the Net.
1:50 of 3rd period - Wrist shot by Kyle Cumiskey.
1:50 of 3rd period - Shot Misses the Net.
2:06 of 3rd period - Slapshot by Tomas Kundratek.
2:06 of 3rd period - Shot Blocked by Kellan Lain.
2:08 of 3rd period - Slapshot by Nikita Nikitin.
2:08 of 3rd period - Stopped by Eddie Lack without a rebound.
2:09 of 3rd period - James Wright wins face-off versus Tyler Bozak in Diables zone.
2:12 of 3rd period - Snap shot by Jimmy Hayes.
2:12 of 3rd period - Shot Misses the Net.
2:14 of 3rd period - Snap shot by Nikita Nikitin.
2:14 of 3rd period - Stopped by Eddie Lack with a rebound.
2:16 of 3rd period - Slapshot by Jimmy Hayes.
2:16 of 3rd period - Shot Misses the Net.
2:18 of 3rd period - Slapshot by Tomas Kundratek.
2:18 of 3rd period - Shot Blocked by Pavel Valentenko.
3:36 of 3rd period - Snap shot by Chris Thorburn.
3:36 of 3rd period - Shot Hit the Post.
3:38 of 3rd period - Slapshot by Tomas Kundratek.
3:38 of 3rd period - Stopped by Eddie Lack without a rebound.
3:39 of 3rd period - James Wright wins face-off versus Tyler Bozak in Diables zone.
3:48 of 3rd period - Slapshot by Tyler Cuma.
3:48 of 3rd period - Stopped by Jeff Glass with a rebound.
4:04 of 3rd period - Michael Stone is hit by Ben Hanowski and loses puck.
5:08 of 3rd period - Off-side.
5:09 of 3rd period - Cody Bass wins face-off versus Craig Smith in neutral zone.
5:20 of 3rd period - Snap shot by Linden Vey.
5:20 of 3rd period - Shot Blocked by Lukas Krajicek.
5:22 of 3rd period - Snap shot by A.J. Jenks.
5:22 of 3rd period - Shot Misses the Net.
5:24 of 3rd period - Slapshot by Michael Stone.
5:24 of 3rd period - Shot Misses the Net.
5:54 of 3rd period - Kellan Lain is hit by David Shields and loses puck.
6:20 of 3rd period - Boone Jenner is hit by A.J. Jenks and loses puck.
6:43 of 3rd period - Ryan Nugent-Hopkins is hit by Tyler Bozak and loses puck.
7:01 of 3rd period - Snap shot by Tomas Kundratek.
7:01 of 3rd period - Stopped by Eddie Lack with a rebound.
7:03 of 3rd period - Slapshot by Tomas Kundratek.
7:03 of 3rd period - Shot Misses the Net.
7:21 of 3rd period - Slapshot by Michael Raffl.
7:21 of 3rd period - Stopped by Eddie Lack with a rebound.
7:45 of 3rd period - Snap shot by Steve Quailer.
7:45 of 3rd period - Stopped by Jeff Glass with a rebound.
7:47 of 3rd period - Snap shot by Brian Dumoulin.
7:47 of 3rd period - Deflect By Tyler Bozak.
7:47 of 3rd period - Stopped by Jeff Glass with a rebound.
7:57 of 3rd period - Slapshot by Dustin Kohn.
7:57 of 3rd period - Deflect By Nikita Nikitin.
7:57 of 3rd period - Stopped by Jeff Glass with a rebound.
8:18 of 3rd period - Snap shot by James Wright.
8:18 of 3rd period - Shot Blocked by Steve Quailer.
8:20 of 3rd period - Slapshot by Jimmy Hayes.
8:20 of 3rd period - Shot Misses the Net.
8:48 of 3rd period - Snap shot by Cody Bass.
8:48 of 3rd period - Shot Misses the Net.
10:01 of 3rd period - Cody Bass is hit by Ben Hanowski.
10:05 of 3rd period - Pavel Valentenko is hit by Cody Bass and loses puck.
10:20 of 3rd period - Slapshot by Steve Quailer.
10:20 of 3rd period - Shot Blocked by Jimmy Hayes.
10:26 of 3rd period - Minor Penalty to Michael Raffl for Elbowing.
10:27 of 3rd period - James Wright wins face-off versus Tyler Bozak in Knights zone.
10:38 of 3rd period - Wrist shot by Tyler Bozak.
10:38 of 3rd period - Shot Misses the Net.
10:40 of 3rd period - Slapshot by Tyler Bozak.
10:40 of 3rd period - Shot Misses the Net.
10:42 of 3rd period - Snap shot by Kellan Lain.
10:42 of 3rd period - Shot Misses the Net.
11:04 of 3rd period - Steve Quailer is hit by Tomas Kundratek and loses puck.
11:30 of 3rd period - Wrist shot by Steve Quailer.
11:30 of 3rd period - Deflect By Craig Smith.
11:30 of 3rd period - Stopped by Jeff Glass without a rebound.
11:31 of 3rd period - Tyler Bozak wins face-off versus James Wright in Knights zone.
12:26 of 3rd period - Penalty to Michael Raffl is over, Michael Raffl is back on ice.
12:36 of 3rd period - Icing by Nikita Nikitin.
12:37 of 3rd period - Boone Jenner wins face-off versus Cody Bass in Knights zone.
13:09 of 3rd period - Icing by Tomas Kubalik.
13:10 of 3rd period - James Wright wins face-off versus Riley Sheahan in Diables zone.
13:13 of 3rd period - Wrist shot by Jimmy Hayes.
13:13 of 3rd period - Stopped by Eddie Lack with a rebound.
13:59 of 3rd period - Snap shot by Tomas Kubalik.
13:59 of 3rd period - Shot Misses the Net.
14:07 of 3rd period - Snap shot by Kellan Lain.
14:07 of 3rd period - Shot Misses the Net.
14:09 of 3rd period - Slapshot by Pavel Valentenko.
14:09 of 3rd period - Shot Misses the Net.
14:11 of 3rd period - Snap shot by Riley Sheahan.
14:11 of 3rd period - Diables goal is going for a video replay.
14:11 of 3rd period - The goal is good.
14:11 of 3rd period - Goal by Riley Sheahan - Diables : 3 - Knights : 2.
14:12 of 3rd period - James Wright wins face-off versus Tyler Bozak in neutral zone.
14:25 of 3rd period - Wrist shot by James Wright.
14:25 of 3rd period - Goal by James Wright - Diables : 3 - Knights : 3.
14:26 of 3rd period - Tyler Bozak wins face-off versus James Wright in neutral zone.
14:33 of 3rd period - Snap shot by Tyler Bozak.
14:33 of 3rd period - Shot Blocked by Michael Raffl.
14:35 of 3rd period - Minor Penalty to Jimmy Hayes for Hooking.
14:36 of 3rd period - Tyler Bozak wins face-off versus James Wright in Knights zone.
14:47 of 3rd period - Snap shot by Tomas Kubalik.
14:47 of 3rd period - Deflect By Michael Raffl.
14:47 of 3rd period - Stopped by Jeff Glass with a rebound.
14:49 of 3rd period - Snap shot by Kellan Lain.
14:49 of 3rd period - Goal by Kellan Lain - Diables : 4 - Knights : 3.
14:50 of 3rd period - Tyler Bozak wins face-off versus James Wright in neutral zone.
15:02 of 3rd period - Minor Penalty to James Wright for Roughing.
15:03 of 3rd period - Ryan Nugent-Hopkins wins face-off versus Tyler Bozak in Knights zone.
15:38 of 3rd period - Snap shot by Craig Smith.
15:38 of 3rd period - Deflect By Ryan Nugent-Hopkins.
15:38 of 3rd period - Shot Misses the Net.
15:38 of 3rd period - Puck is out of play.
15:39 of 3rd period - Tyler Bozak wins face-off versus Ryan Nugent-Hopkins in Knights zone.
15:56 of 3rd period - Minor Penalty to Tyler Bozak for Hooking.
15:57 of 3rd period - Joe Colborne wins face-off versus Craig Smith in Diables zone.
16:02 of 3rd period - Slapshot by Joe Colborne.
16:02 of 3rd period - Deflect By Chris Thorburn.
16:02 of 3rd period - Shot Blocked by Craig Smith.
16:02 of 3rd period - Puck is out of play.
16:03 of 3rd period - Craig Smith wins face-off versus Joe Colborne in Diables zone.
16:03 of 3rd period - Craig Smith is hit by Joe Colborne.
16:48 of 3rd period - Slapshot by Jason Zucker.
16:48 of 3rd period - Shot Misses the Net.
16:50 of 3rd period - Wrist shot by Jason Zucker.
16:50 of 3rd period - Deflect By Michael Raffl.
16:50 of 3rd period - Goal by Michael Raffl - Diables : 4 - Knights : 4.
16:51 of 3rd period - Joe Colborne wins face-off versus Craig Smith in neutral zone.
16:53 of 3rd period - Off-side.
16:54 of 3rd period - Joe Colborne wins face-off versus Craig Smith in neutral zone.
17:02 of 3rd period - Penalty to James Wright is over, James Wright is back on ice.
17:09 of 3rd period - Snap shot by Joe Colborne.
17:09 of 3rd period - Stopped by Eddie Lack with a rebound.
17:30 of 3rd period - Slapshot by Chris Thorburn.
17:30 of 3rd period - Stopped by Eddie Lack with a rebound.
17:32 of 3rd period - Wrist shot by Tomas Kundratek.
17:32 of 3rd period - Stopped by Eddie Lack without a rebound.
17:33 of 3rd period - Ryan Nugent-Hopkins wins face-off versus Craig Smith in Diables zone.
17:36 of 3rd period - Wrist shot by Jimmy Hayes.
17:36 of 3rd period - Shot Misses the Net.
17:38 of 3rd period - Snap shot by Jimmy Hayes.
17:38 of 3rd period - Stopped by Eddie Lack with a rebound.
17:40 of 3rd period - Snap shot by Jason Zucker.
17:40 of 3rd period - Shot Blocked by Craig Smith.
17:42 of 3rd period - Slapshot by Michael Stone.
17:42 of 3rd period - Stopped by Eddie Lack with a rebound.
17:54 of 3rd period - Dustin Kohn is hit by Jason Zucker and loses puck.
17:56 of 3rd period - Penalty to Tyler Bozak is over, Tyler Bozak is back on ice.
18:48 of 3rd period - Icing by Lukas Krajicek.
18:49 of 3rd period - Joe Colborne wins face-off versus Riley Sheahan in Diables zone.
18:49 of 3rd period - Minor Penalty to Ronalds Kenins for Hooking.
18:50 of 3rd period - James Wright wins face-off versus Tyler Bozak in Knights zone.
19:07 of 3rd period - James Wright is hit by Kellan Lain and loses puck.
19:38 of 3rd period - Michael Stone is hit by Steve Quailer.
19:50 of 3rd period - Backhand shot by Tyler Cuma.
19:50 of 3rd period - Stopped by Jeff Glass with a rebound.
19:52 of 3rd period - Snap shot by Tyler Cuma.
19:52 of 3rd period - Stopped by Jeff Glass with a rebound.
Goals for this period are 2 for Diables vs 2 for Knights.
Shots for this period are 13 for Diables vs 13 for Knights.
Overtime #1
0:01 of 1st overtime period - Tyler Bozak wins face-off versus Chris Thorburn in neutral zone.
0:16 of 1st overtime period - Wrist shot by Kellan Lain.
0:16 of 1st overtime period - Shot Misses the Net.
0:46 of 1st overtime period - Snap shot by Dustin Kohn.
0:46 of 1st overtime period - Shot Misses the Net.
0:49 of 1st overtime period - Penalty to Ronalds Kenins is over, Ronalds Kenins is back on ice.
1:53 of 1st overtime period - Gabriel Landeskog is hit by Joe Colborne and loses puck.
2:14 of 1st overtime period - Wrist shot by Jason Zucker.
2:14 of 1st overtime period - Shot Misses the Net.
2:28 of 1st overtime period - Zach Trotman is hit by Kyle Cumiskey and loses puck.
2:51 of 1st overtime period - Ryan Nugent-Hopkins is hit by Craig Smith and loses puck.
3:47 of 1st overtime period - Tomas Kundratek is hit by Craig Smith and loses puck.
4:30 of 1st overtime period - Boone Jenner is hit by Nikita Nikitin and loses puck.
Goals for this period are 0 for Diables vs 0 for Knights.
Shots for this period are 0 for Diables vs 0 for Knights.
ShootOut
5:00 of 1st overtime period - Penalty Shot by Tyler Bozak for Diables.
5:00 of 1st overtime period - Snap shot by Tyler Bozak.
5:00 of 1st overtime period - Stopped by Jeff Glass.
5:00 of 1st overtime period - Penalty Shot by Kevin Hayes for Knights.
5:00 of 1st overtime period - Snap shot by Kevin Hayes.
5:00 of 1st overtime period - Stopped by Eddie Lack.
5:00 of 1st overtime period - Penalty Shot by Kellan Lain for Diables.
5:00 of 1st overtime period - Snap shot by Kellan Lain.
5:00 of 1st overtime period - Shot Misses the Net.
5:00 of 1st overtime period - Penalty Shot by Michael Raffl for Knights.
5:00 of 1st overtime period - Snap shot by Michael Raffl.
5:00 of 1st overtime period - Goal by Michael Raffl.
5:00 of 1st overtime period - Penalty Shot by Brandon Prust for Diables.
5:00 of 1st overtime period - Backhand shot by Brandon Prust.
5:00 of 1st overtime period - Shot Misses the Net.
Back to the Top